 Dungeon Crawl Stone Soup version 0.27-a0-223-ge082b6e869 (webtiles) character file.

Game seed: 14929986185104814692

5681 jasper the Unseen (level 10, -4/44 HPs)
             Began as a Spriggan Enchanter on Feb 1, 2021.
             Was a Believer of Ashenzari.
             Shot with an arrow by a centaur (5 damage)
             ... on level 11 of the Dungeon.
             The game lasted 00:21:02 (12142 turns).

jasper the Unseen (Spriggan Enchanter)             Turns: 12142, Time: 00:21:02

Health: -4/44      AC:  2    Str:  4    XL:     10   Next: 47%
Magic:  15/15      EV: 25    Int: 20    God:    Ashenzari [**....]
Gold:   429        SH:  0    Dex: 17    Spells: 0/15 levels left

rFire    . . .     SeeInvis +   p - +1 dagger (drain) (curse)
rCold    . . .     Faith    .   (shield restricted)
rNeg     . . .     Spirit   .   b - +0 robe
rPois    +         Reflect  .   (helmet restricted)
rElec    .         Harm     .   (no cloak)
rCorr    +         Rampage  .   (gloves unavailable)
Will     +....                  (boots unavailable)
Stlth    +++++++...             E - amulet of magic regeneration (curse)
HPRegen  0.14/turn              m - ring of resist corrosion (curse)
MPRegen  0.39/turn              z - ring of poison resistance (curse)

@: very quick
A: very small, unfitting armour, see invisible, speed 3
a: Renounce Religion, Curse Item, Scrying


You were on level 11 of the Dungeon.
You worshipped Ashenzari.
Ashenzari was pleased with you.
You visited 2 branches of the dungeon, and saw 12 of its levels.
You also visited: Ossuary.

You collected 729 gold pieces.
You spent 300 gold pieces at shops.

Inventory:

Hand Weapons
 a - a +1 dagger
 p - a cursed +1 dagger of draining (weapon)
Missiles
 d - 241 stones
 i - 19 bolts
 A - a throwing net
Armour
 b - a +0 robe (worn)
 q - +0 swamp dragon scales
Jewellery
 m - a cursed ring of resist corrosion (left hand)
 z - a cursed ring of poison resistance (right hand)
 E - a cursed amulet of magic regeneration (around neck)
Wands
 n - a wand of digging (6)
 o - a wand of acid (7)
 v - a wand of iceblast (4)
 y - a wand of mindburst (7)
Scrolls
 g - 4 scrolls of fear
 j - a scroll of noise
 l - 6 scrolls of teleportation
 r - 4 scrolls of magic mapping
 t - a scroll of blinking
 u - 4 scrolls of enchant weapon
 F - a scroll of random uselessness {unknown}
 G - 2 scrolls of amnesia {unknown}
 H - a scroll of acquirement {unknown}
 I - 2 scrolls of enchant armour {unknown}
 K - a scroll of silence {unknown}
 L - a scroll of remove curse
 M - a scroll of immolation {unknown}
Potions
 c - 5 potions of curing
 e - a potion of attraction
 f - 5 potions of brilliance
 h - 4 potions of flight
 k - 3 potions of resistance
 s - a potion of invisibility
 w - a potion of heal wounds
 x - 3 potions of degeneration
 B - 2 potions of berserk rage
 C - 2 potions of cancellation
 D - 3 potions of magic


   Skills:
 + Level 0.0 Fighting
 - Level 6.5(8.9) Short Blades
 + Level 9.7 Dodging
 - Level 17.5 Stealth
 + Level 3.0 Spellcasting
 - Level 8.0(10.3) Hexes
 + Level 3.1(5.1) Transmutations
 - Level 3.0(5.0) Ice Magic
 * Level 3.1(5.1) Earth Magic


You couldn't memorise any spells.
You knew the following spells:

 Your Spells              Type           Power        Failure   Level
a - Corona                Hex            48%          1%          1
b - Ensorcelled Hibernat  Hex/Ice        66%          1%          2
c - Confusing Touch       Hex            44%          1%          3
d - Tukima's Dance        Hex            44%          1%          3
e - Passwall              Tmut/Erth      19%          2%          2
f - Petrify               Tmut/Erth      23%          17%         4

Your spell library contained the following spells:

 Spells                   Type           Power        Failure   Level
 Sandblast                Erth           46%          1%          1
 Dazzling Flash           Conj/Hex       48%          4%          3
 Stone Arrow              Conj/Erth      26%          14%         3
 Lee's Rapid Deconstruct  Erth           11%          43%         5


Dungeon Overview and Level Annotations

Branches:
Dungeon (11/15)            Temple (1/1) D:6         Ossuary (visited)
   Lair: D:8-11         Orc: D:9-12

Altars:
Ashenzari
Cheibriados
Dithmenos
Elyvilon
Fedhas
Gozag
Kikubaaqudgha
Nemelex Xobeh
Okawaru
Qazlal
Ru
Sif Muna
Trog
Uskayaw
Vehumet
Wu Jian
Xom
Yredelemnul
Zin
The Shining One

Shops:
D:8 =

Annotations:
D:10 Nergalle


Innate Abilities, Weirdness & Mutations

You are very small and have problems with some larger weapons.
You are too small for most types of armour.
You have supernaturally acute eyesight. (SInv)
You cover ground extremely quickly.


Message History

The arrow closely misses you.
The centaur wields a +0 shortbow.
The centaur shoots an arrow.
The arrow closely misses you.
The centaur wields a +0 shortbow of flaming.
It bursts into flame!
The centaur shoots an arrow.
The arrow hits you! The arrow burns you.
There is an open door here.
You take 15 damage, and have 29/44 hp.
MASSIVE DAMAGE!!
The centaur shoots an arrow.
The arrow completely misses you.
The centaur shoots an arrow.
The arrow closely misses you.
You close the door.
A centaur opens the door.
You close the door.
A centaur opens the door.
You close the door.
A centaur opens the door.
The centaur shoots an arrow.
The arrow hits you! The arrow burns you.
* * * LOW HITPOINT WARNING * * *
You take 18 damage, and have 12/44 hp.
MASSIVE DAMAGE!!
You close the door.
A centaur opens the door.
The centaur shoots an arrow.
The arrow hits you!
* * * LOW HITPOINT WARNING * * *
The arrow burns you.
You die...

.......'.......#
########.......#
#.......#
###'##### #.###
#...# ###.###
#...# ###@#
#######'## *
#....ccc.#
+.c..cc..# ,*
#..c.....#
#........# *
#.....(..#
#........#
##########


You could see 4 centaurs.

Vanquished Creatures
  Maggie (D:6)
  A komodo dragon (D:10)
  A hornet (D:10)
  Sigmund (D:2)
  5 yaks (D:8)
  Eustachio (D:5)
  A golden eye (shapeshifter) (D:10)
  2 water moccasins
  3 ogres
  2 orc warriors
  2 sky beasts (D:6)
  An ice beast (D:9)
  A centaur (D:7)
  A phantom (D:10)
  3 bullfrogs
  2 elf zombies (Ossuary)
  A big kobold (D:11)
  5 scorpions
  10 wights
  A howler monkey (D:5)
  A bullfrog zombie (D:10)
  3 hounds
  2 human zombies (Ossuary)
  2 jellies
  7 orc priests
  2 centaur skeletons
  14 orc wizards
  7 worker ants
  A hound zombie (Ossuary)
  4 mummies (Ossuary)
  4 gnolls (D:5)
  6 adders
  2 shadow imps
  2 white imps
  5 ufetubi
  An ooze (D:3)
  An adder zombie (Ossuary)
  2 worms (D:2)
  2 dart slugs
  4 leopard geckos
  34 orcs
  8 bats
  7 giant cockroaches
  7 goblins
  6 hobgoblins
  6 jackals
  3 quokkas
  3 ball pythons
  4 frilled lizards
  A giant cockroach zombie (D:5)
  A gnoll zombie (Ossuary)
  3 goblin zombies (Ossuary)
  A jackal zombie (Ossuary)
  7 kobolds
  A kobold zombie (Ossuary)
  A leopard gecko skeleton (D:4)
  A quokka skeleton (D:4)
  A quokka zombie (D:5)
  5 rats
217 creatures vanquished.

Vanquished Creatures (others)
  57 fungi (D:10)
  50 plants (D:10)
107 creatures vanquished.

Grand Total: 324 creatures vanquished

Notes
Turn   | Place    | Note
-------+----------+-------------------------------------------
     0 | D:1      | jasper the Spriggan Enchanter began the quest for the Orb.
     0 | D:1      | Reached XP level 1. HP: 9/9 MP: 5/5
   418 | D:1      | Reached XP level 2. HP: 13/13 MP: 6/6
   421 | D:1      | Learned a level 2 spell: Ensorcelled Hibernation
  1403 | D:2      | Reached XP level 3. HP: 12/16 MP: 8/8
  1504 | D:2      | Noticed Sigmund
  1526 | D:2      | Killed Sigmund
  1527 | D:2      | Reached skill level 5 in Stealth
  1527 | D:2      | Reached skill level 1 in Ice Magic
  1527 | D:2      | Reached XP level 4. HP: 21/21 MP: 0/9
  1527 | D:2      | Reached XP level 5. HP: 24/24 MP: 0/10
  2139 | D:2      | Reached skill level 17 in Stealth
  2139 | D:2      | Reached XP level 6. HP: 28/28 MP: 11/11
  2666 | D:3      | Found a glowing silver altar of Zin.
  2857 | D:3      | Learned a level 3 spell: Confusing Touch
  2861 | D:3      | Learned a level 3 spell: Tukima's Dance
  3312 | D:4      | Reached XP level 7. HP: 32/32 MP: 12/12
  3480 | D:4      | Reached skill level 5 in Dodging
  3503 | D:4      | Reached skill level 5 in Hexes
  4560 | D:5      | Entered Level 5 of the Dungeon
  4605 | D:5      | Noticed Eustachio
  4865 | D:5      | Killed Eustachio
  4910 | D:5      | Reached XP level 8. HP: 36/36 MP: 13/13
  6827 | D:6      | Found a staircase to the Ecumenical Temple.
  6838 | Temple   | Entered the Ecumenical Temple
  7002 | Temple   | Became a worshipper of Ashenzari the Shackled
  7351 | D:6      | Noticed Maggie
  7357 | D:6      | Killed Maggie
  7358 | D:6      | Reached skill level 5 in Short Blades
  7358 | D:6      | Reached XP level 9. HP: 39/39 MP: 14/14
  8004 | D:7      | Identified the +7 quarterstaff of Spite {spect, rN+ Int+5}
  8392 | D:7      | Reached * piety under Ashenzari
  8425 | D:7      | Found a sand-covered staircase.
  8429 | Ossuary  | Entered an ossuary
  9045 | D:8      | Found a radiant altar of Vehumet.
  9176 | D:8      | Found Ciqeh's Jewellery Emporium.
  9183 | D:8      | Bought an uncursed ring of poison resistance for 300 gold
                  | pieces
  9502 | D:8      | Learned a level 2 spell: Passwall
  9559 | D:8      | Reached XP level 10. HP: 32/44 MP: 6/15
 10114 | D:9      | Learned a level 4 spell: Petrify
 10232 | D:9      | Reached ** piety under Ashenzari
 10430 | D:9      | Reached skill level 1 in Transmutations
 10430 | D:9      | Reached skill level 1 in Earth Magic
 10584 | D:9      | Found a glowing golden altar of the Shining One.
 10754 | D:10     | Entered Level 10 of the Dungeon
 11426 | D:10     | Noticed Nergalle
 12142 | D:11     | HP: 1/44 [centaur/arrow (11)]
 12142 | D:11     | Shot with an arrow by a centaur

Illustrated notes

Levels and vault maps discovered:
D:1:      lightli_iron_boxes, layout_loops_ring, minmay_circled_x
D:2:      layout_loops_cross, minmay_tromino_v4_b, uniq_sigmund
D:3:      layout_basic, overflow_temple_1_default, roderic_lattice_a
D:4:      layout_basic
D:5:      layout_loops_corners, nicolae_overflow_hidden_temple,
          item_on_display_b, uniq_eustachio
D:6:      layout_basic, minmay_temple_entry_junction, chequers_mini_garden,
          uniq_maggie
D:7:      layout_cave_pools, nicolae_ossuary_entry_false_entrances
D:8:      layout_loops_ring, kennysheep_little_box, serial_shops, shop,
          serial_aquarium, aquarium_bridge_island_small
          [aquarium_subvault_small_water, aquarium_subvault_bridge,
          aquarium_subvault_wall, aquarium_subvault_bridge,
          aquarium_subvault_window], aquarium_bridge_square
          [aquarium_subvault_window, aquarium_subvault_wall,
          aquarium_subvault_bridge, aquarium_subvault_bridge],
          aquarium_window_corner, aquarium_window_fake, aquarium_window_1,
          aquarium_window_fake, aquarium_view_2c, aquarium_balcony_3b,
          aquarium_pool_double, moated_statue
D:9:      layout_basic, nicolae_tso_swordbearing_angel
D:10:     layout_loops_ring, due_lair_maze_entry_diamond, david_orc_5,
          uniq_joseph, uniq_grum, uniq_nergalle
D:11:     layout_roguey, grunt_ministairs_3, makhleb_altar_promises_db
Temple:   dpeg_five_rooms_temple

Skill      XL: |  1  2  3  4  5  6  7  8  9 10 |
---------------+-------------------------------+-----
Spellcasting   | 3 |  3.0
Short Blades   | 2 3 5 6 |  6.5
Dodging        | 4 5 7 8 9 |  9.7
Stealth        | 5 17 | 17.5
Hexes          | 4 5 6 7 8 |  8.0
Ice Magic      | 1 2 3 |  3.0
Transmutations | 3 |  3.1
Earth Magic    | 3 |  3.1

Action                   |  1- 3 |  4- 6 |  7- 9 | 10-12 || total
-------------------------+-------+-------+-------+-------++-------
Melee: Dagger            |   113 |    79 |   343 |   129 ||   664
 Cast: Corona            |     5 |       |     1 |       ||     6
       Ensorcelled Hiber |    11 |    24 |    59 |    38 ||   132
       Confusing Touch   |       |       |    19 |    13 ||    32
Invok: Curse Item        |       |       |     3 |     1 ||     4
Evoke: Wand              |       |       |       |     1 ||     1
  Use: Potion            |     1 |     1 |     1 |       ||     3
       Scroll            |       |     6 |     5 |     6 ||    17
 Stab: Sleeping          |    12 |    26 |    68 |    23 ||   129
       Confused          |       |       |    18 |    13 ||    31
       Distracted        |       |       |     1 |     1 ||     2
Armor: Robe              |    14 |     4 |    13 |     5 ||    36
Dodge: Dodged            |    97 |    39 |   287 |    78 ||   501

Table legend: (Time is in decaauts)
 A = Elapsed time spent in this place.
 B = Non-inter-level travel time spent in this place.
 C = Inter-level travel time spent in this place.
 D = Time resting spent in this place.
 E = Time spent auto-exploring this place.
 F = Levels seen in this place.
 G = Mean time per level.
                   A        B        C        D        E       F      G
               +--------+--------+--------+--------+--------+-----+--------+
         Total |   9505 |   9331 |    174 |   1551 |   6299 |  13 |  731.2 |
       Dungeon |   9113 |   8958 |    155 |   1515 |   6081 |  11 |  828.5 |
        Temple |    124 |    105 |     19 |      0 |     96 |   1 |  124.0 |
       Ossuary |    267 |    267 |      0 |     36 |    120 |   1 |  267.0 |
               +--------+--------+--------+--------+--------+-----+--------+

Top non-repeatable levels by time:
     D:4: 1363 daAuts
     D:5: 1315 daAuts
     D:1: 1012 daAuts
     D:6: 924 daAuts
     D:9: 907 daAuts
     D:3: 840 daAuts
    D:10: 740 daAuts
     D:2: 701 daAuts
     D:8: 616 daAuts
     D:7: 489 daAuts
 Ossuary: 267 daAuts
    D:11: 201 daAuts
  Temple: 124 daAuts
